 Dungeon Crawl Stone Soup version 0.25-a0-492-g44cc58d149 (webtiles) character file.

Game seed: 1297760621327768794, levelgen mode: deterministic

14086 Esekla the Thaumaturge (level 11, -4/54 HPs)
             Began as a Deep Elf Wizard on Feb 11, 2020.
             Was a High Priest of Vehumet.
             Hit by a large rock thrown by a cyclops (13 damage)
             ... on level 11 of the Dungeon on Feb 12, 2020.
             The game lasted 02:17:24 (12484 turns).

Esekla the Thaumaturge (Deep Elf Wizard)           Turns: 12484, Time: 02:17:24

Health: -4/54      AC:  4    Str:  6    XL:     11   Next: 84%
Magic:  25/30      EV: 17    Int: 25    God:    Vehumet [*****.]
Gold:   735        SH:  0    Dex: 13    Spells: 3/36 levels left

rFire    . . .     SeeInvis .   q - +7 quick blade
rCold    . . .     Gourm    .   (no shield)
rNeg     . . .     Faith    .   a - +0 robe
rPois    +         Spirit   .   y - +1 helmet
rElec    .         Reflect  .   (no cloak)
rCorr    +         Harm     .   (no gloves)
MR       +....                  (no boots)
Stlth    ++........             p - amulet of regeneration
HPRegen  0.58/turn              j - ring of poison resistance
MPRegen  0.22/turn              C - ring of resist corrosion

@: no status effects
A: no striking features
a: Renounce Religion


You were on level 11 of the Dungeon.
You worshipped Vehumet.
Vehumet was extremely pleased with you.
You were hungry.

You visited 1 branch of the dungeon, and saw 11 of its levels.

You collected 735 gold pieces.

Inventory:

Hand Weapons
 e - a +2 dagger of electrocution
 f - a +2 scimitar of flaming
 h - a +0 falchion of holy wrath
 q - a +7 quick blade (weapon)
 v - a +1 vampiric trident
 R - a +1 shortbow of flaming
Missiles
 c - 80 poisoned darts (quivered)
 S - 67 arrows
Armour
 a - a +0 robe (worn)
 y - a +1 helmet (worn)
 E - a +0 cloak
 M - a +2 buckler
Magical Staves
 O - an uncursed staff of fire
 P - an uncursed staff of energy
Jewellery
 j - a ring of poison resistance (left hand)
 p - an amulet of regeneration (around neck)
 A - an uncursed amulet of the gourmand {unknown}
 C - a ring of resist corrosion (right hand)
 D - an uncursed ring of teleportation
 V - a +6 amulet of reflection {unknown}
Wands
 l - a wand of iceblast (9)
 B - a wand of polymorph (2)
 F - a wand of acid (26)
Scrolls
 b - a scroll of noise
 g - 2 scrolls of enchant armour
 u - 3 scrolls of remove curse
 x - a scroll of teleportation
 K - a scroll of magic mapping
 Q - a scroll of amnesia {unknown}
Potions
 i - 2 potions of ambrosia
 k - a potion of agility
 m - 3 potions of haste
 n - a potion of brilliance {unknown}
 o - 3 potions of cancellation
 r - a potion of resistance {unknown}
 s - 3 potions of flight
 t - 2 potions of magic
 w - 3 potions of might
 z - a potion of degeneration {unknown}
 G - 3 potions of curing
 H - a potion of lignification
 J - a potion of heal wounds
 L - 2 potions of berserk rage
 U - a potion of mutation {unknown}
Miscellaneous
 N - a phial of floods
Comestibles
 d - 14 rations


   Skills:
 * Level 6.9 Short Blades
 + Level 1.1(4.0) Long Blades
 + Level 3.5 Throwing
 * Level 8.3 Dodging
 + Level 2.6 Stealth
 * Level 13.3 Spellcasting
 + Level 6.1 Conjurations
 + Level 5.4 Hexes
   Level 1.1 Summonings
 + Level 4.4 Translocations
 * Level 4.3 Transmutations
 * Level 6.5 Fire Magic
 + Level 4.4 Air Magic
 + Level 5.0 Poison Magic


You had 3 spell levels left.
You knew the following spells:

 Your Spells              Type           Power        Failure   Level  Hunger
a - Magic Dart            Conj           ####         1%          1    None
b - Blink                 Tloc           N/A          1%          2    None
c - Mephitic Cloud        Conj/Pois/Air  #####...     1%          3    None
d - Dazzling Flash        Conj/Hex       #####.       1%          3    None
e - Shock                 Conj/Air       ####         1%          1    None
f - Conjure Flame         Conj/Fire      #####...     1%          3    None
g - Static Discharge      Conj/Air       #####...     1%          3    None
h - Yara's Violent Unrav  Hex/Tmut       #####.....   3%          5    ###....
i - Corona                Hex            #####..      1%          1    None
t - Tukima's Dance        Hex            #####...     1%          3    None
x - Olgreb's Toxic Radia  Pois           #####...     1%          4    None
y - Sticky Flame          Conj/Fire      #####...     1%          4    None

Your spell library contained the following spells:

 Spells                   Type           Power        Failure   Level  Hunger
 Foxfire                  Conj/Fire      ####         1%          1    None
 Ensorcelled Hibernation  Hex/Ice        ####..       1%          2    None
 Slow                     Hex            #####...     1%          2    None
 Confusing Touch          Hex            #####...     1%          3    None
 Inner Flame              Hex/Fire       #####...     1%          3    None
 Call Imp                 Summ           ###.....     3%          2    None
 Fireball                 Conj/Fire      #####.....   1%          5    ###....


Dungeon Overview and Level Annotations

Branches:
Dungeon (11/15)            Temple (0/1) D:7            Lair (0/6) D:11
    Orc: D:9-12

Altars:
Fedhas
Gozag
Hepliaklqana
Kikubaaqudgha
Qazlal
Ru
Vehumet
Wu Jian
Yredelemnul


Message History

q - a +7 quick blade (weapon)
Found a scroll of fear.
Found a staircase to the Lair.
A cyclops comes into view.
The water moccasin hisses angrily.
The water moccasin misses you. The water moccasin bites you!
Casting: Magic Dart (safe; 1% risk of failure)
Confirm with . or Enter, or press ? or * to list all spells.
You blink.
The cyclops throws a large rock.
The large rock hits you!!!
Ouch! That really hurt!
* * * LOW HITPOINT WARNING * * *
Casting: Blink (safe; 1% risk of failure)
Confirm with . or Enter, or press ? or * to list all spells.
Aiming: Mephitic Cloud (safe; 1% risk of failure)
Press: ? - help, Shift-Dir - straight line, f - cyclops
Aim: a cyclops, quivering 5 large rocks The ball explodes into a vile cloud!
The stinking cloud engulfs the cyclops but does no damage.
The cyclops is engulfed in noxious fumes.
The cyclops throws a large rock.
The large rock hits you!
You die...

...+ ...# ###....
...# #......###
...# #.........
...## #........
..... ....§☼☼..
...... ....§C§.#
...... ....☼§○.#
..... ..>....@#
####. .......S#
........#
........#
.......§#
........#
####........?....#
. ......####+##..#
#.....# #..#


You could see a cyclops and a water moccasin.

Vanquished Creatures
  A hydra (D:11)
  Harold (D:10)
  3 two-headed ogres
  Erica (D:8)
  An ugly thing (D:11)
  A manticore (D:11)
  A hornet (D:9)
  6 hippogriffs
  Sigmund (D:4)
  A spriggan (D:11)
  11 yaks
  Grum (D:8)
  4 hungry ghosts
  An acid dragon (D:10)
  A water moccasin (D:10)
  Edmund (D:4)
  3 orc warriors
  A black bear (D:7)
  4 ice beasts
  3 sky beasts
  2 eyes of draining (D:10)
  2 phantoms (D:10)
  9 ogres
  2 wolves (D:8)
  5 centaurs
  6 bullfrogs
  A gnoll sergeant (D:6)
  2 scorpions
  A wight (D:7)
  4 killer bees (D:8)
  3 howler monkeys
  11 crimson imps
  2 quasits
  3 hounds
  3 bullfrog skeletons
  3 centaur skeletons
  5 orc priests
  5 jellies
  8 orc wizards
  Crazy Yiuf (D:3)
  3 iguanas
  9 worker ants
  A killer bee zombie (D:7)
  3 hound skeletons
  7 gnolls
  16 adders
  3 shadow imps
  A white imp (D:6)
  An adder zombie (D:9)
  2 adder skeletons (D:4)
  2 dart slugs
  6 leopard geckos
  28 orcs
  7 bats
  5 giant cockroaches
  3 goblins
  6 hobgoblins
  9 jackals
  8 quokkas
  2 ball pythons (D:1)
  4 frilled lizards
  3 jackal zombies
  8 kobolds
  3 quokka skeletons
  12 rats
277 creatures vanquished.

Notes
Turn   | Place    | Note
-------+----------+-------------------------------------------
     0 | D:1      | Esekla the Deep Elf Wizard began the quest for the Orb.
     0 | D:1      | Reached XP level 1. HP: 10/10 MP: 7/7
   438 | D:1      | Reached skill level 5 in Spellcasting
   457 | D:1      | Reached XP level 2. HP: 15/15 MP: 6/10
   559 | D:1      | Learned a level 2 spell: Blink
   941 | D:2      | Found a stormy altar of Qazlal.
   943 | D:2      | Found a radiant altar of Vehumet.
   949 | D:2      | Became a worshipper of Vehumet
  1007 | D:2      | Reached XP level 3. HP: 13/19 MP: 4/12
  1012 | D:2      | Learned a level 3 spell: Mephitic Cloud
  1016 | D:2      | Learned a level 3 spell: Conjure Flame
  1701 | D:3      | Reached skill level 6 in Spellcasting
  1894 | D:3      | Reached XP level 4. HP: 16/24 MP: 5/14
  1923 | D:3      | Reached * piety under Vehumet
  1923 | D:3      | Offered knowledge of Freeze by Vehumet.
  1995 | D:3      | Found an ancient bone altar of Kikubaaqudgha.
  2527 | D:2      | Reached XP level 5. HP: 24/28 MP: 9/16
  2935 | D:3      | Found a runed translucent door.
  2936 | D:3      | Noticed Crazy Yiuf
  3107 | D:4      | Reached skill level 1 in Short Blades
  3422 | D:4      | Noticed Sigmund
  3433 | D:4      | Killed Sigmund
  3433 | D:4      | Reached skill level 7 in Spellcasting
  3433 | D:4      | Reached skill level 1 in Air Magic
  3433 | D:4      | Reached skill level 1 in Poison Magic
  3433 | D:4      | Reached XP level 6. HP: 15/32 MP: 10/18
  3433 | D:4      | Noticed Edmund
  3452 | D:4      | Killed Edmund
  3452 | D:4      | Reached XP level 7. HP: 28/36 MP: 2/20
  3655 | D:4      | Found a hazy altar of Hepliaklqana.
  3756 | D:4      | Learned a level 1 spell: Corona
  3760 | D:4      | Learned a level 3 spell: Dazzling Flash
  3764 | D:4      | Learned a level 3 spell: Tukima's Dance
  4051 | D:5      | Entered Level 5 of the Dungeon
  4075 | D:5      | Offered knowledge of Shock by Vehumet.
  4088 | D:5      | Learned a level 1 spell: Shock
  4292 | D:5      | Reached ** piety under Vehumet
  4292 | D:5      | Reached skill level 8 in Spellcasting
  4802 | D:6      | Reached skill level 1 in Hexes
  4802 | D:6      | Reached skill level 1 in Fire Magic
  4951 | D:5      | Reached XP level 8. HP: 17/41 MP: 16/22
  5680 | D:6      | Reached skill level 9 in Spellcasting
  5866 | D:3      | Killed Crazy Yiuf
  6078 | D:6      | Offered knowledge of Static Discharge by Vehumet.
  6095 | D:6      | Learned a level 3 spell: Static Discharge
  6274 | D:6      | Reached skill level 5 in Dodging
  6281 | D:6      | Reached *** piety under Vehumet
  6327 | D:6      | Reached skill level 10 in Spellcasting
  6343 | D:6      | Reached XP level 9. HP: 37/45 MP: 21/25
  6461 | D:6      | You fall into a shaft and drop 2 floors!
  6614 | D:8      | Found an ornate altar of the Wu Jian Council.
  6623 | D:8      | Offered knowledge of Inner Flame by Vehumet.
  6947 | D:7      | Found a sacrificial altar of Ru.
  7681 | D:7      | Found an opulent altar of Gozag.
  7740 | D:7      | Found a staircase to the Ecumenical Temple.
  7770 | D:7      | Reached **** piety under Vehumet
  7844 | D:7      | Reached skill level 11 in Spellcasting
  8037 | D:7      | Reached skill level 5 in Conjurations
  8069 | D:7      | Noticed a two-headed ogre
  8083 | D:7      | Offered knowledge of Yara's Violent Unravelling by Vehumet.
  8089 | D:7      | Learned a level 4 spell: Sticky Flame
  8156 | D:7      | Killed a two-headed ogre
  8156 | D:7      | Reached skill level 5 in Hexes
  8156 | D:7      | Reached XP level 10. HP: 50/50 MP: 25/27
  8240 | D:6      | Learned a level 5 spell: Yara's Violent Unravelling
  8529 | D:7      | Noticed a two-headed ogre
  8599 | D:7      | Killed a two-headed ogre
  8599 | D:7      | Reached skill level 1 in Throwing
  8599 | D:7      | Reached skill level 1 in Transmutations
  8996 | D:8      | Reached skill level 5 in Short Blades
  9002 | D:8      | Noticed Erica
  9009 | D:8      | Reached skill level 12 in Spellcasting
  9015 | D:8      | Reached skill level 5 in Fire Magic
  9021 | D:8      | Noticed Grum
  9023 | D:8      | Killed Erica
  9044 | D:8      | Killed Grum
  9536 | D:9      | Reached ***** piety under Vehumet
  9668 | D:9      | Reached XP level 11. HP: 54/54 MP: 23/29
  9706 | D:9      | Found a basalt altar of Yredelemnul.
  9706 | D:9      | Found a blossoming altar of Fedhas.
 10090 | D:10     | Entered Level 10 of the Dungeon
 10153 | D:10     | Offered knowledge of Olgreb's Toxic Radiance by Vehumet.
 10159 | D:10     | Learned a level 4 spell: Olgreb's Toxic Radiance
 11042 | D:10     | Found a basalt altar of Yredelemnul.
 11052 | D:10     | Noticed Harold
 11092 | D:10     | Killed Harold
 11092 | D:10     | Reached skill level 5 in Poison Magic
 11553 | D:11     | Noticed a purple ugly thing
 11571 | D:11     | Killed a purple ugly thing
 11608 | D:11     | Noticed a two-headed ogre
 11641 | D:11     | Killed a two-headed ogre
 11806 | D:11     | Reached skill level 13 in Spellcasting
 12174 | D:11     | Noticed a six-headed hydra
 12186 | D:11     | Killed a six-headed hydra
 12186 | D:11     | Reached skill level 1 in Long Blades
 12479 | D:11     | Found a staircase to the Lair.
 12484 | D:11     | Hit by a large rock thrown by a cyclops

Levels and vault maps discovered:
D:1:      dpeg_arrival_court, layout_loops_ring
D:2:      layout_rooms, chequers_temple_overflow_statue_of_worship
D:3:      layout_basic, kiku_gazebo_garden_becter, first_ration, minmay_unequal,
          uniq_crazy_yiuf_cottage
D:4:      layout_basic, kennysheep_little_box, sigmund_edmund_badplayer
D:5:      layout_basic, uniq_sigmund
D:6:      layout_basic, st_stairs_9, minmay_fire_ice_demons
D:7:      minmay_the_grid_octo_2x2 [minmay_the_grid_octo_pinwheel,
          minmay_the_grid_octo_checkered, minmay_the_grid_octo_thin_diamonds,
          minmay_the_grid_octo_prize_ultimate_mussel_roller], layout_cave_pools,
          grunt_gozag_breadcrumbs, nicolae_ru_sacrificial_ziggurat,
          minmay_temple_entry_crystal_x, enter_bailey_8
D:8:      layout_gridville, nicolae_overflow_crystal_walls, uniq_erica,
          uniq_grum
D:9:      layout_roguey, gammafunk_temple_overflow_elements
D:10:     layout_gridville, basic_altar, uniq_harold
D:11:     layout_irregular_city, lair_entry_dummy, grunt_pizzeria

Skill      XL: |  1  2  3  4  5  6  7  8  9 10 11 |
---------------+----------------------------------+-----
Spellcasting   | 5 6 7 8 10 11 12 13 | 13.3
Dodging        | 3 4 5 6 7 8 |  8.3
Translocations | 2 3 4 |  4.4
Short Blades   | 1 2 3 4 5 6 |  6.9
Conjurations   | 2 3 4 5 6 |  6.1
Air Magic      | 1 2 4 |  4.4
Poison Magic   | 1 2 3 4 5 |  5.0
Hexes          | 1 3 5 |  5.4
Fire Magic     | 1 3 4 5 6 |  6.5
Throwing       | 2 3 |  3.5
Transmutations | 2 4 |  4.3
Long Blades    | 1 |  1.1
Stealth        | |  2.6
Summonings     | |  1.1

Action                   |  1- 3 |  4- 6 |  7- 9 | 10-12 || total
-------------------------+-------+-------+-------+-------++-------
Melee: Unarmed           |     1 |       |       |       ||     1
       Short sword       |    13 |     6 |       |       ||    19
       Dagger            |       |    47 |   193 |    26 ||   266
       Quick blade       |       |       |       |   190 ||   190
       Trident           |       |       |       |    13 ||    13
       Falchion          |       |       |       |     6 ||     6
       Scimitar          |       |       |       |     6 ||     6
Throw: Dart              |     1 |    20 |    92 |   100 ||   213
       Boomerang         |       |       |       |    16 ||    16
 Cast: Magic Dart        |    90 |    80 |   197 |   112 ||   479
       Mephitic Cloud    |     2 |     7 |    35 |    36 ||    80
       Conjure Flame     |       |     2 |    11 |    16 ||    29
       Blink             |       |     1 |    19 |    31 ||    51
       Shock             |       |       |    28 |    13 ||    41
       Sticky Flame      |       |       |       |    24 ||    24
       Dazzling Flash    |       |       |       |     3 ||     3
       Olgreb's Toxic Ra |       |       |       |     2 ||     2
       Tukima's Dance    |       |       |       |     2 ||     2
       Static Discharge  |       |       |       |     2 ||     2
       Corona            |       |       |       |     1 ||     1
  Use: Scroll            |       |       |     8 |     8 ||    16
       Potion            |       |       |     1 |     1 ||     2
 Stab: Sleeping          |     1 |     1 |     5 |     2 ||     9
       Confused          |       |       |     3 |     8 ||    11
       Distracted        |       |       |     1 |     1 ||     2
  Eat: Chunk             |     3 |     4 |    13 |     9 ||    29
       Ration            |       |       |     2 |     2 ||     4
Armor: Robe              |     9 |    12 |    31 |    19 ||    71
Dodge: Dodged            |    36 |    29 |   133 |   129 ||   327
       Rpst.: Scimitar   |       |       |       |     5 ||     5
       Falchion          |       |       |       |     1 ||     1

Table legend:
 A = Non-vault XP
 B = Vault XP
 C = Vault XP percentage of total XP
 D = Non-vault monster count
 E = Vault monster count
 F = Vault count percentage of total count
                 A         B        C        D         E       F
            +---------+---------+-------+---------+---------+-------
      Total |   13971 |    6152 |  30.6 |     241 |      36 |  13.0
            +---------+---------+-------+---------+---------+-------
        D:1 |      41 |       0 |   0.0 |      21 |       0 |   0.0
        D:2 |      70 |       0 |   0.0 |      23 |       0 |   0.0
        D:3 |     102 |      42 |  29.2 |      23 |       4 |  14.8
        D:4 |     225 |     393 |  63.6 |      13 |       2 |  13.3
        D:5 |     679 |       0 |   0.0 |      21 |       0 |   0.0
        D:6 |    1373 |     319 |  18.9 |      38 |       6 |  13.6
        D:7 |    1085 |    2915 |  72.9 |      16 |      18 |  52.9
        D:8 |    1986 |    1276 |  39.1 |      28 |       4 |  12.5
        D:9 |     790 |       0 |   0.0 |       8 |       0 |   0.0
       D:10 |    2250 |     987 |  30.5 |      21 |       1 |   4.5
       D:11 |    5370 |     220 |   3.9 |      29 |       1 |   3.3
            +---------+---------+-------+---------+---------+-------
